cohdb
Replays
Latest Replays
All Replays
Popular Replays
Top Player Replays
Match Explorer
How It Works
Community
CoH3 Stats
Reddit
Sign in to upload your games and track your stats! →
Sign in with Steam
Match 46945322
Unlisted
Match 46945322
Overview
Messages
Build Orders
End
Kettenkrad Recon Vehicle
Construct Infanterie Kompanie
Selects Mechanized Battlegroup
Grenadier Squad
MG 42 Machine Gun Team
Grenadier Squad
Infanterie Officer Quarters
Medical Station
Selects Spotting Scopes
Construct Panzergrenadier Kompanie
Pioneer Squad
Panzergrenadier Squad
Panzergrenadier Officer Quarters
Support Elements
Nebelwerfer 42 Rocket Launcher Team
Selects Raid Package
NooJ
㉿ | Heavybowgun
Inky
Sandy McTire
Pacca
big donnie
0
0
Comments
sign in to comment!
No comments posted yet!